Flames vs Avalanche

Created - October-29-13 at 17:40

Goals
1 2 3 OT1 T
Flames 1 0 1 0 2
Avalanche 0 0 2 1 3
Shots
1 2 3 OT1 T
Flames 5 9 11 0 25
Avalanche 8 9 8 2 27

1st period

1. Flames , Dustin Brown 4 (Michael Ryder, Anze Kopitar) at 12:22

Penalties :
Alexei Emelin (COL) for Hooking (Minor) at 5:30, Brayden Schenn (COL) for Hooking (Minor) at 13:19, Ryan Kesler (CGY) for Hooking (Minor) at 13:19, Erik Johnson (CGY) for Hooking (Minor) at 16:28

2nd period

No Goal

Penalties :
Michael Del Zotto (COL) for Interference (Minor) at 1:44, Brian Gionta (COL) for Hooking (Minor) at 10:41, Bryce Salvador (CGY) for Slashing (Minor) at 19:10

3rd period

2. Avalanche , Cody Hodgson 5 (Michael Del Zotto, Jordan Staal) at 3:17 (PP)
3. Flames , Mike Cammalleri 5 (Sam Gagner, Ladislav Smid) at 14:41
4. Avalanche , Derek Stepan 7 (Tyson Barrie, Johan Franzen) at 17:29

Penalties :
Andrew MacDonald (CGY) for Roughing (Minor) at 1:49, Kevin Shattenkirk (COL) for Interference (Minor) at 6:03, Toni Lydman (CGY) for Tripping (Minor) at 7:01, Michael Del Zotto (COL) for Hooking (Minor) at 7:26, Alexei Emelin (COL) for Hooking (Minor) at 10:01

Overtime #1

5. Avalanche , Jordan Staal 1 (Johan Franzen) at 1:50 (PP)

Penalties :
Erik Johnson (CGY) for High sticking (Minor) at 0:31

Goalie Stats

Jonathan Quick (CGY), 24 saves from 27 shots - (0.889), OTL, 8-5-2, 61:51 minutes
Antti Niemi (COL), 23 saves from 25 shots - (0.920), W, 7-2-0, 61:51 minutes

Players Stats for Flames

Player Name              G  A  P  +/- PIM S  H  SB GA TA FO     MP     PP MP  PK MP  
------------------------------------------------------------------------------------
Andrew MacDonald         0  0  0   0  2   1  0  1  0  0  0/0    24:32   4:55   2:33 
Anze Kopitar             0  1  1   1  0   1  1  0  0  0  13/22  20:03   4:33   0:53 
Bryce Salvador           0  0  0   0  2   0  5  2  0  0  0/0    19:28   0:00   2:24 
Dustin Brown             1  0  1   1  0   4  3  0  0  0  1/3    21:05   4:33   1:55 
Erik Johnson             0  0  0   0  4   1  1  0  0  0  0/0    22:24   4:24   1:24 
Jack Johnson             0  0  0   0  0   4  2  2  0  0  0/0    23:47   4:24   2:45 
Jeff Skinner             0  0  0  -1  0   3  1  0  0  0  2/2    20:06   4:46   0:01 
Ladislav Smid            0  1  1   1  0   0  0  0  0  0  0/0    15:42   0:00   3:38 
Michael Grabner          0  0  0  -1  0   0  0  0  0  0  0/0    12:54   0:00   0:00 
Michael Ryder            0  1  1   1  0   1  0  0  0  0  1/3    17:05   4:33   0:00 
Mike Cammalleri          1  0  1   1  0   3  0  0  0  0  1/5    11:04   0:00   1:55 
Pierre-Marc Bouchard     0  0  0   0  0   1  0  0  0  0  0/0     6:43   0:00   0:01 
Radek Dvorak             0  0  0   1  0   0  0  0  0  0  0/0    10:06   0:00   0:00 
Ryan Kesler              0  0  0  -1  2   3  2  0  0  0  13/26  19:33   4:46   0:26 
Sam Gagner               0  1  1   1  0   2  1  0  0  0  5/10   13:55   4:46   0:00 
Shawn Horcoff            0  0  0   0  0   0  3  0  0  0  4/9    10:12   0:00   3:30 
Tomas Kopecky            0  0  0   0  0   1  1  0  0  0  2/3    10:12   0:00   3:30 
Toni Lydman              0  0  0   1  2   0  0  1  0  0  0/0    17:44   4:54   0:46 

Players Stats for Avalanche

Player Name              G  A  P  +/- PIM S  H  SB GA TA FO     MP     PP MP  PK MP  
------------------------------------------------------------------------------------
Alexei Emelin            0  0  0   1  4   0  1  0  0  0  0/0    19:51   0:00   3:55 
Brayden Schenn           0  0  0  -1  2   2  3  0  0  0  2/2    11:36   0:00   0:47 
Brian Gionta             0  0  0  -1  2   0  2  0  0  0  1/1    14:06   0:00   3:44 
Chris Stewart            0  0  0   1  0   4  0  0  0  0  2/3    18:39   2:05   0:00 
Cody Hodgson             1  0  1  -1  0   1  1  0  0  0  4/9    12:40   2:05   0:12 
Derek Stepan             1  0  1   1  0   3  0  0  0  0  11/22  18:44   3:21   0:00 
Johan Franzen            0  2  2   1  0   1  1  1  0  0  1/2    19:41   3:21   0:00 
John Carlson             0  0  0   0  0   1  0  2  0  0  0/0    24:42   2:37   4:29 
Jordan Staal             1  1  2  -1  0   5  1  1  0  0  14/32  21:31   2:05   4:48 
Justin Abdelkader        0  0  0   0  0   0  0  0  0  0  5/8    12:16   0:00   4:48 
Kevin Porter             0  0  0   0  0   0  0  0  0  0  1/2     1:37   0:00   0:36 
Kevin Shattenkirk        0  0  0  -2  2   2  4  2  0  0  0/0    21:35   2:37   4:26 
Lubomir Visnovsky        0  0  0  -2  0   1  0  0  0  0  0/0    16:03   2:49   0:44 
Marcus Johansson         0  0  0  -1  0   1  0  0  0  0  0/1    11:30   0:00   0:00 
Marian Hossa             0  0  0  -1  0   4  0  0  0  0  0/0    19:59   3:21   4:19 
Michael Del Zotto        0  1  1   0  4   1  2  2  0  0  0/0    23:57   2:49   4:06 
Travis Moen              0  0  0   0  0   1  2  0  0  0  0/1     7:28   0:00   0:00 
Tyson Barrie             0  1  1   1  0   0  0  1  0  0  0/0    17:29   0:00   2:10 

3 Stars

1 - Dustin Brown (CGY)
2 - Johan Franzen (COL)
3 - Jordan Staal (COL)

Power Play

Flames - 0 on 6 Attempt(s) - 0.00%
Avalanche - 2 on 5 Attempt(s) - 40.00%

Penalty Kill

Flames - 3 on 5 Attempt(s) - 60.00% - Score 0 goal in Penalty Kill
Avalanche - 6 on 6 Attempt(s) - 100.00% - Score 0 goal in Penalty Kill

Official

Referees : Francis Charron and Dave Jackson
Linesman : Mark Shewchyk and Shane Heyer

Game Notes

Kevin Porter is injured at 7:02 of 1st period (Bruised Left Shoulder)

Finance

Level 1 -- Attendance: 5945 (91.46%) -- Ticket Income $606,390
Level 2 -- Attendance: 4790 (95.80%) -- Ticket Income $359,250
Level 3 -- Attendance: 3050 (87.14%) -- Ticket Income $167,750
Level 4 -- Attendance: 1839 (91.63%) -- Ticket Income $82,755
Luxury Box -- Attendance: 890 (89.00%) -- Ticket Income $178,000
Game was played at the Pepsi Center
Total Attendance: 16514 (91.71%)
Total Ticket Income: $1,394,145
Other Income: $209,122
Total Income: $1,603,267


% Time on Ice - Flames

Lines # - Real PCT - Wanted PCT - Time Play
Normal Forward
1 - 30% - 30% - 12:32
2 - 31% - 30% - 12:54
3 - 22% - 25% - 9:09
4 - 16% - 15% - 6:42
Normal Defense
1 - 37% - 35% - 15:05
2 - 34% - 35% - 14:08
3 - 12% - 15% - 5:05
4 - 17% - 15% - 6:59
PP Forward
1 - 49% - 55% - 4:33
2 - 51% - 45% - 4:46
PP Defense
1 - 47% - 50% - 4:24
2 - 53% - 50% - 4:55
PK Forward
1 - 65% - 60% - 3:31
2 - 35% - 40% - 1:55
PK Defense
1 - 49% - 50% - 2:41
2 - 51% - 50% - 2:45
PK3 Forward
1 - 67% - 50% - 0:53
2 - 33% - 50% - 0:26
PK3 Defense
1 - 58% - 50% - 0:46
2 - 42% - 50% - 0:33
44 Forward
1 - 46% - 50% - 2:05
2 - 54% - 50% - 2:25
44 Defense
1 - 44% - 50% - 2:00
2 - 56% - 50% - 2:30
Last Minute Offensive  - 0:00
Last Minute Defensive  - 0:00
Total
Forward - 61:51
Defense - 61:51

% Time on Ice - Avalanche

Lines # - Real PCT - Wanted PCT - Time Play
Normal Forward
1 - 32% - 35% - 13:15
2 - 25% - 30% - 10:11
3 - 25% - 25% - 10:23
4 - 18% - 10% - 7:28
Normal Defense
1 - 34% - 35% - 14:05
2 - 30% - 30% - 12:30
3 - 35% - 25% - 14:16
4 - 1% - 10% - 0:26
PP Forward
1 - 62% - 52% - 3:21
2 - 38% - 48% - 2:05
PP Defense
1 - 52% - 52% - 2:49
2 - 48% - 48% - 2:37
PK Forward
1 - 52% - 52% - 4:52
2 - 48% - 48% - 4:27
PK Defense
1 - 51% - 55% - 4:45
2 - 49% - 45% - 4:34
PK3 Forward
1 - 56% - 54% - 0:20
2 - 44% - 46% - 0:16
PK3 Defense
1 - 22% - 55% - 0:08
2 - 78% - 45% - 0:28
44 Forward
1 - 59% - 52% - 3:05
2 - 41% - 48% - 2:08
44 Defense
1 - 67% - 60% - 3:31
2 - 33% - 40% - 1:42
Last Minute Offensive  - 0:00
Last Minute Defensive  - 0:00
Total
Forward - 61:51
Defense - 61:51

Play by Play

1st period


0:01 of 1st period - Anze Kopitar wins face-off versus Derek Stepan in neutral zone.
0:19 of 1st period - Icing by Bryce Salvador.
0:20 of 1st period - Anze Kopitar wins face-off versus Jordan Staal in Flames zone.
0:30 of 1st period - Shot by Brayden Schenn.
0:30 of 1st period - Shot Blocked by Bryce Salvador.
0:33 of 1st period - Icing by Bryce Salvador.
0:34 of 1st period - Michael Ryder wins face-off versus Cody Hodgson in Flames zone.
0:34 of 1st period - Michael Ryder is hit by Brian Gionta.
0:51 of 1st period - Cody Hodgson is hit by Bryce Salvador and loses puck.
1:01 of 1st period - Dustin Brown is hit by Alexei Emelin and loses puck.
1:18 of 1st period - Icing by Tyson Barrie.
1:19 of 1st period - Cody Hodgson wins face-off versus Ryan Kesler in Avalanche zone.
1:42 of 1st period - Shot by Jordan Staal.
1:42 of 1st period - Stopped by Jonathan Quick without a rebound.
1:43 of 1st period - Derek Stepan wins face-off versus Sam Gagner in Flames zone.
1:53 of 1st period - Icing by Mike Cammalleri.
1:54 of 1st period - Sam Gagner wins face-off versus Kevin Porter in Flames zone.
3:31 of 1st period - Icing by John Carlson.
3:32 of 1st period - Ryan Kesler wins face-off versus Derek Stepan in Avalanche zone.
4:11 of 1st period - Shot by Ryan Kesler.
4:11 of 1st period - Stopped by Antti Niemi without a rebound.
4:12 of 1st period - Jordan Staal wins face-off versus Sam Gagner in Avalanche zone.
5:30 of 1st period - Minor Penalty to Alexei Emelin for Hooking.
5:31 of 1st period - Ryan Kesler wins face-off versus Justin Abdelkader in Avalanche zone.
6:58 of 1st period - Shot by Erik Johnson.
6:58 of 1st period - Shot Blocked by John Carlson.
7:00 of 1st period - Shot by Dustin Brown.
7:00 of 1st period - Stopped by Antti Niemi without a rebound.
7:01 of 1st period - Kevin Porter wins face-off versus Ryan Kesler in Avalanche zone.
7:01 of 1st period - Kevin Porter is hit by Jeff Skinner.
7:02 of 1st period - Kevin Porter from Avalanche is injured at 7:02 of 1st period (Bruised Left Shoulder).
7:03 of 1st period - Justin Abdelkader wins face-off versus Ryan Kesler in Avalanche zone.
7:33 of 1st period - Shot by Jack Johnson.
7:33 of 1st period - Shot Misses the Net.
7:35 of 1st period - Shot by Pierre-Marc Bouchard.
7:35 of 1st period - Stopped by Antti Niemi without a rebound.
7:36 of 1st period - Derek Stepan wins face-off versus Shawn Horcoff in Avalanche zone.
7:47 of 1st period - Johan Franzen is hit by Tomas Kopecky.
7:58 of 1st period - Johan Franzen is hit by Shawn Horcoff and loses puck.
8:03 of 1st period - Shot by Pierre-Marc Bouchard.
8:03 of 1st period - Shot Misses the Net.
8:35 of 1st period - Shot by Ryan Kesler.
8:35 of 1st period - Deflect By Jeff Skinner.
8:35 of 1st period - Shot Blocked by Johan Franzen.
8:37 of 1st period - Shot by Andrew MacDonald.
8:37 of 1st period - Shot Blocked by Tyson Barrie.
8:55 of 1st period - Shot by Jeff Skinner.
8:55 of 1st period - Shot Misses the Net.
8:57 of 1st period - Shot by Bryce Salvador.
8:57 of 1st period - Shot Misses the Net.
9:30 of 1st period - Icing by Anze Kopitar.
9:31 of 1st period - Cody Hodgson wins face-off versus Anze Kopitar in Flames zone.
9:44 of 1st period - Shot by Dustin Brown.
9:44 of 1st period - Shot Blocked by Michael Del Zotto.
11:01 of 1st period - Icing by Erik Johnson.
11:02 of 1st period - Brayden Schenn wins face-off versus Sam Gagner in Flames zone.
11:02 of 1st period - Brayden Schenn is hit by Jack Johnson.
11:09 of 1st period - Jack Johnson is hit by Brayden Schenn and loses puck.
11:21 of 1st period - John Carlson is hit by Bryce Salvador and loses puck.
12:20 of 1st period - Shot by Dustin Brown.
12:20 of 1st period - Shot Hit the Post.
12:22 of 1st period - Shot by Dustin Brown.
12:22 of 1st period - Goal by Dustin Brown - Flames : 1 - Avalanche : 0.
12:23 of 1st period - Derek Stepan wins face-off versus Shawn Horcoff in neutral zone.
12:36 of 1st period - Shot by Chris Stewart.
12:36 of 1st period - Shot Misses the Net.
12:38 of 1st period - Shot by Johan Franzen.
12:38 of 1st period - Shot Misses the Net.
12:40 of 1st period - Shot by Chris Stewart.
12:40 of 1st period - Stopped by Jonathan Quick without a rebound.
12:41 of 1st period - Chris Stewart wins face-off versus Dustin Brown in Flames zone.
12:45 of 1st period - Icing by Erik Johnson.
12:46 of 1st period - Chris Stewart wins face-off versus Anze Kopitar in Flames zone.
13:03 of 1st period - Shot by Chris Stewart.
13:03 of 1st period - Stopped by Jonathan Quick without a rebound.
13:04 of 1st period - Ryan Kesler wins face-off versus Jordan Staal in Flames zone.
13:04 of 1st period - Ryan Kesler is hit by Brayden Schenn.
13:14 of 1st period - Shot by Andrew MacDonald.
13:14 of 1st period - Shot Blocked by Kevin Shattenkirk.
13:19 of 1st period - Minor Penalty to Brayden Schenn for Hooking.
13:19 of 1st period - Minor Penalty to Ryan Kesler for Hooking.
13:20 of 1st period - Anze Kopitar wins face-off versus Jordan Staal in neutral zone.
13:36 of 1st period - Shot by Jordan Staal.
13:36 of 1st period - Shot Blocked by Jack Johnson.
14:08 of 1st period - Michael Del Zotto is hit by Dustin Brown and loses puck.
14:29 of 1st period - Shot by Andrew MacDonald.
14:29 of 1st period - Stopped by Antti Niemi with a rebound.
14:34 of 1st period - Kevin Shattenkirk is hit by Bryce Salvador and loses puck.
14:39 of 1st period - Shot by Marian Hossa.
14:39 of 1st period - Shot Misses the Net.
15:42 of 1st period - Shot by Marcus Johansson.
15:42 of 1st period - Stopped by Jonathan Quick with a rebound.
16:28 of 1st period - Minor Penalty to Erik Johnson for Hooking.
16:29 of 1st period - Derek Stepan wins face-off versus Shawn Horcoff in Flames zone.
16:54 of 1st period - Shot by Johan Franzen.
16:54 of 1st period - Stopped by Jonathan Quick with a rebound.
16:56 of 1st period - Shot by Marian Hossa.
16:56 of 1st period - Stopped by Jonathan Quick without a rebound.
16:57 of 1st period - Jordan Staal wins face-off versus Mike Cammalleri in Flames zone.
17:10 of 1st period - Shot by Michael Del Zotto.
17:10 of 1st period - Stopped by Jonathan Quick without a rebound.
17:11 of 1st period - Derek Stepan wins face-off versus Mike Cammalleri in Flames zone.
17:18 of 1st period - Shot by Kevin Shattenkirk.
17:18 of 1st period - Shot Blocked by Bryce Salvador.
17:20 of 1st period - Shot by Johan Franzen.
17:20 of 1st period - Shot Misses the Net.
17:34 of 1st period - Shot by John Carlson.
17:34 of 1st period - Shot Blocked by Jack Johnson.
18:40 of 1st period - Shot by Justin Abdelkader.
18:40 of 1st period - Shot Hit the Post.
18:42 of 1st period - Shot by Travis Moen.
18:42 of 1st period - Stopped by Jonathan Quick without a rebound.
18:43 of 1st period - Anze Kopitar wins face-off versus Chris Stewart in Flames zone.

2nd period


0:01 of 2nd period - Ryan Kesler wins face-off versus Derek Stepan in neutral zone.
0:24 of 2nd period - Shot by Derek Stepan.
0:24 of 2nd period - Stopped by Jonathan Quick without a rebound.
0:25 of 2nd period - Jordan Staal wins face-off versus Mike Cammalleri in Flames zone.
0:35 of 2nd period - Icing by Radek Dvorak.
0:36 of 2nd period - Derek Stepan wins face-off versus Mike Cammalleri in Flames zone.
1:28 of 2nd period - Icing by Michael Del Zotto.
1:29 of 2nd period - Derek Stepan wins face-off versus Ryan Kesler in Avalanche zone.
1:31 of 2nd period - Icing by John Carlson.
1:32 of 2nd period - Derek Stepan wins face-off versus Ryan Kesler in Avalanche zone.
1:44 of 2nd period - Minor Penalty to Michael Del Zotto for Interference.
1:45 of 2nd period - Anze Kopitar wins face-off versus Jordan Staal in Avalanche zone.
2:48 of 2nd period - Shot by Jack Johnson.
2:48 of 2nd period - Shot Blocked by Jordan Staal.
2:50 of 2nd period - Shot by Sam Gagner.
2:50 of 2nd period - Stopped by Antti Niemi without a rebound.
2:51 of 2nd period - Justin Abdelkader wins face-off versus Ryan Kesler in Avalanche zone.
3:17 of 2nd period - Shot by Jack Johnson.
3:17 of 2nd period - Shot Misses the Net.
3:23 of 2nd period - Shot by Jack Johnson.
3:23 of 2nd period - Stopped by Antti Niemi without a rebound.
3:24 of 2nd period - Brian Gionta wins face-off versus Anze Kopitar in Avalanche zone.
3:55 of 2nd period - Shot by Tomas Kopecky.
3:55 of 2nd period - Stopped by Antti Niemi without a rebound.
3:56 of 2nd period - Jordan Staal wins face-off versus Ryan Kesler in Avalanche zone.
3:56 of 2nd period - Jordan Staal is hit by Ryan Kesler.
4:26 of 2nd period - Shot by Jordan Staal.
4:26 of 2nd period - Stopped by Jonathan Quick with a rebound.
4:28 of 2nd period - Shot by Jordan Staal.
4:28 of 2nd period - Shot Misses the Net.
4:32 of 2nd period - Shot by Jordan Staal.
4:32 of 2nd period - Deflect By Marian Hossa.
4:32 of 2nd period - Shot Misses the Net.
4:51 of 2nd period - Shot by Chris Stewart.
4:51 of 2nd period - Stopped by Jonathan Quick without a rebound.
4:52 of 2nd period - Cody Hodgson wins face-off versus Anze Kopitar in Flames zone.
5:15 of 2nd period - Shot by Dustin Brown.
5:15 of 2nd period - Stopped by Antti Niemi with a rebound.
5:17 of 2nd period - Shot by Anze Kopitar.
5:17 of 2nd period - Shot Misses the Net.
7:30 of 2nd period - Shot by Kevin Shattenkirk.
7:30 of 2nd period - Stopped by Jonathan Quick without a rebound.
7:31 of 2nd period - Justin Abdelkader wins face-off versus Anze Kopitar in Flames zone.
7:40 of 2nd period - John Carlson is hit by Dustin Brown and loses puck.
8:46 of 2nd period - Off-side.
8:47 of 2nd period - Johan Franzen wins face-off versus Tomas Kopecky in neutral zone.
8:52 of 2nd period - Shot by Derek Stepan.
8:52 of 2nd period - Deflect By Chris Stewart.
8:52 of 2nd period - Shot Misses the Net.
9:26 of 2nd period - Shot by Kevin Shattenkirk.
9:26 of 2nd period - Stopped by Jonathan Quick without a rebound.
9:27 of 2nd period - Ryan Kesler wins face-off versus Jordan Staal in Flames zone.
9:40 of 2nd period - Shot by Jeff Skinner.
9:40 of 2nd period - Stopped by Antti Niemi without a rebound.
9:41 of 2nd period - Sam Gagner wins face-off versus Marcus Johansson in Avalanche zone.
9:54 of 2nd period - Jack Johnson is hit by Cody Hodgson and loses puck.
10:41 of 2nd period - Minor Penalty to Brian Gionta for Hooking.
10:42 of 2nd period - Anze Kopitar wins face-off versus Justin Abdelkader in Avalanche zone.
11:17 of 2nd period - Dustin Brown is hit by Brayden Schenn and loses puck.
11:58 of 2nd period - Shot by Jack Johnson.
11:58 of 2nd period - Shot Misses the Net.
12:00 of 2nd period - Shot by Jack Johnson.
12:00 of 2nd period - The goal is going for a video replay.
12:00 of 2nd period - The goal is refused.
12:01 of 2nd period - Brayden Schenn wins face-off versus Ryan Kesler in Avalanche zone.
12:51 of 2nd period - Andrew MacDonald is hit by Kevin Shattenkirk and loses puck.
13:50 of 2nd period - Dustin Brown is hit by Kevin Shattenkirk and loses puck.
14:28 of 2nd period - Shot by Mike Cammalleri.
14:28 of 2nd period - Stopped by Antti Niemi with a rebound.
14:41 of 2nd period - Icing by Erik Johnson.
14:42 of 2nd period - Sam Gagner wins face-off versus Jordan Staal in Flames zone.
14:56 of 2nd period - Shot by Marian Hossa.
14:56 of 2nd period - Stopped by Jonathan Quick without a rebound.
14:57 of 2nd period - Ryan Kesler wins face-off versus Cody Hodgson in Flames zone.
15:07 of 2nd period - Icing by Alexei Emelin.
15:08 of 2nd period - Anze Kopitar wins face-off versus Cody Hodgson in Avalanche zone.
15:37 of 2nd period - Brian Gionta is hit by Dustin Brown and loses puck.
16:15 of 2nd period - Shot by Jeff Skinner.
16:15 of 2nd period - Stopped by Antti Niemi with a rebound.
16:25 of 2nd period - Shot by Jordan Staal.
16:25 of 2nd period - Stopped by Jonathan Quick without a rebound.
16:26 of 2nd period - Sam Gagner wins face-off versus Jordan Staal in Flames zone.
17:00 of 2nd period - Off-side.
17:01 of 2nd period - Ryan Kesler wins face-off versus Derek Stepan in neutral zone.
17:30 of 2nd period - Shot by Michael Grabner.
17:30 of 2nd period - Shot Misses the Net.
18:01 of 2nd period - Icing by Toni Lydman.
18:02 of 2nd period - Dustin Brown wins face-off versus Jordan Staal in Flames zone.
18:15 of 2nd period - Shot by Anze Kopitar.
18:15 of 2nd period - Shot Misses the Net.
18:17 of 2nd period - Shot by Michael Ryder.
18:17 of 2nd period - Stopped by Antti Niemi without a rebound.
18:18 of 2nd period - Sam Gagner wins face-off versus Cody Hodgson in Avalanche zone.
18:40 of 2nd period - Icing by Jack Johnson.
18:41 of 2nd period - Jordan Staal wins face-off versus Sam Gagner in Flames zone.
18:42 of 2nd period - Shot by Brayden Schenn.
18:42 of 2nd period - Stopped by Jonathan Quick without a rebound.
18:43 of 2nd period - Jeff Skinner wins face-off versus Jordan Staal in Flames zone.
18:49 of 2nd period - Michael Grabner is hit by Michael Del Zotto and loses puck.
19:02 of 2nd period - Marian Hossa is hit by Ryan Kesler.
19:09 of 2nd period - Michael Del Zotto is hit by Bryce Salvador and loses puck.
19:10 of 2nd period - Minor Penalty to Bryce Salvador for Slashing.
19:11 of 2nd period - Tomas Kopecky wins face-off versus Jordan Staal in Flames zone.
19:34 of 2nd period - Shot by Lubomir Visnovsky.
19:34 of 2nd period - Stopped by Jonathan Quick without a rebound.
19:35 of 2nd period - Shawn Horcoff wins face-off versus Johan Franzen in Flames zone.

3rd period


0:01 of 3rd period - Derek Stepan wins face-off versus Shawn Horcoff in neutral zone.
0:01 of 3rd period - Lubomir Visnovsky is hit by Shawn Horcoff and loses puck.
0:05 of 3rd period - Off-side.
0:06 of 3rd period - Shawn Horcoff wins face-off versus Derek Stepan in neutral zone.
0:06 of 3rd period - Shawn Horcoff is hit by Johan Franzen.
1:13 of 3rd period - Alexei Emelin is hit by Bryce Salvador and loses puck.
1:49 of 3rd period - Minor Penalty to Andrew MacDonald for Roughing.
1:50 of 3rd period - Tomas Kopecky wins face-off versus Derek Stepan in Flames zone.
2:04 of 3rd period - Icing by Marian Hossa.
2:05 of 3rd period - Derek Stepan wins face-off versus Shawn Horcoff in Avalanche zone.
2:28 of 3rd period - Shot by Derek Stepan.
2:28 of 3rd period - Shot Misses the Net.
2:30 of 3rd period - Shot by Kevin Shattenkirk.
2:30 of 3rd period - Shot Misses the Net.
2:32 of 3rd period - Shot by Marian Hossa.
2:32 of 3rd period - Stopped by Jonathan Quick with a rebound.
2:36 of 3rd period - Shot by John Carlson.
2:36 of 3rd period - Stopped by Jonathan Quick without a rebound.
2:37 of 3rd period - Mike Cammalleri wins face-off versus Jordan Staal in Flames zone.
3:15 of 3rd period - Shot by Michael Del Zotto.
3:15 of 3rd period - Shot Misses the Net.
3:17 of 3rd period - Shot by Cody Hodgson.
3:17 of 3rd period - Goal by Cody Hodgson - Flames : 1 - Avalanche : 1.
3:18 of 3rd period - Ryan Kesler wins face-off versus Travis Moen in neutral zone.
3:18 of 3rd period - Ryan Kesler is hit by Travis Moen.
3:21 of 3rd period - Off-side.
3:22 of 3rd period - Ryan Kesler wins face-off versus Jordan Staal in neutral zone.
3:51 of 3rd period - Ladislav Smid is hit by Travis Moen and loses puck.
5:28 of 3rd period - Shot by Mike Cammalleri.
5:28 of 3rd period - Stopped by Antti Niemi without a rebound.
5:29 of 3rd period - Shawn Horcoff wins face-off versus Derek Stepan in Avalanche zone.
5:41 of 3rd period - Kevin Shattenkirk is hit by Shawn Horcoff and loses puck.
5:47 of 3rd period - Tomas Kopecky is hit by Kevin Shattenkirk and loses puck.
5:51 of 3rd period - Pierre-Marc Bouchard is hit by Kevin Shattenkirk and loses puck.
6:00 of 3rd period - Shot by Pierre-Marc Bouchard.
6:00 of 3rd period - Shot Misses the Net.
6:03 of 3rd period - Minor Penalty to Kevin Shattenkirk for Interference.
6:04 of 3rd period - Justin Abdelkader wins face-off versus Ryan Kesler in Avalanche zone.
6:12 of 3rd period - Icing by Jack Johnson.
6:13 of 3rd period - Ryan Kesler wins face-off versus Jordan Staal in Flames zone.
6:13 of 3rd period - Ryan Kesler is hit by Jordan Staal.
6:27 of 3rd period - Shot by Ryan Kesler.
6:27 of 3rd period - Shot Misses the Net.
6:29 of 3rd period - Shot by Jack Johnson.
6:29 of 3rd period - Deflect By Ryan Kesler.
6:29 of 3rd period - Stopped by Antti Niemi without a rebound.
6:30 of 3rd period - Justin Abdelkader wins face-off versus Anze Kopitar in Avalanche zone.
6:30 of 3rd period - Justin Abdelkader is hit by Anze Kopitar.
7:01 of 3rd period - Minor Penalty to Toni Lydman for Tripping.
7:02 of 3rd period - Jordan Staal wins face-off versus Ryan Kesler in Flames zone.
7:14 of 3rd period - Jeff Skinner is hit by Michael Del Zotto and loses puck.
7:26 of 3rd period - Minor Penalty to Michael Del Zotto for Hooking.
7:27 of 3rd period - Anze Kopitar wins face-off versus Jordan Staal in Avalanche zone.
7:50 of 3rd period - Shot by Dustin Brown.
7:50 of 3rd period - Shot Misses the Net.
7:52 of 3rd period - Shot by Andrew MacDonald.
7:52 of 3rd period - Shot Misses the Net.
7:54 of 3rd period - Shot by Anze Kopitar.
7:54 of 3rd period - Stopped by Antti Niemi without a rebound.
7:55 of 3rd period - Jordan Staal wins face-off versus Ryan Kesler in Avalanche zone.
8:25 of 3rd period - Shot by Ryan Kesler.
8:25 of 3rd period - Stopped by Antti Niemi without a rebound.
8:26 of 3rd period - Anze Kopitar wins face-off versus Derek Stepan in Avalanche zone.
8:38 of 3rd period - Icing by John Carlson.
8:39 of 3rd period - Derek Stepan wins face-off versus Anze Kopitar in Avalanche zone.
8:44 of 3rd period - Shot by Marian Hossa.
8:44 of 3rd period - Stopped by Jonathan Quick with a rebound.
8:51 of 3rd period - Icing by Bryce Salvador.
8:52 of 3rd period - Jordan Staal wins face-off versus Dustin Brown in Flames zone.
9:16 of 3rd period - Shot by Jeff Skinner.
9:16 of 3rd period - Shot Misses the Net.
9:50 of 3rd period - Shot by Derek Stepan.
9:50 of 3rd period - Stopped by Jonathan Quick without a rebound.
9:51 of 3rd period - Jordan Staal wins face-off versus Michael Ryder in Flames zone.
9:52 of 3rd period - Shot by Brayden Schenn.
9:52 of 3rd period - Stopped by Jonathan Quick without a rebound.
9:53 of 3rd period - Jordan Staal wins face-off versus Anze Kopitar in Flames zone.
9:53 of 3rd period - Marian Hossa is hit by Jack Johnson and loses puck.
10:01 of 3rd period - Minor Penalty to Alexei Emelin for Hooking.
10:02 of 3rd period - Anze Kopitar wins face-off versus Jordan Staal in Avalanche zone.
10:41 of 3rd period - Shot by Michael Ryder.
10:41 of 3rd period - Shot Misses the Net.
10:43 of 3rd period - Shot by Erik Johnson.
10:43 of 3rd period - Stopped by Antti Niemi without a rebound.
10:44 of 3rd period - Ryan Kesler wins face-off versus Justin Abdelkader in Avalanche zone.
11:06 of 3rd period - Shot by Jeff Skinner.
11:06 of 3rd period - Stopped by Antti Niemi without a rebound.
11:07 of 3rd period - Jordan Staal wins face-off versus Michael Ryder in Avalanche zone.
11:22 of 3rd period - Shot by Jack Johnson.
11:22 of 3rd period - Shot Blocked by Kevin Shattenkirk.
11:24 of 3rd period - Shot by Dustin Brown.
11:24 of 3rd period - Shot Blocked by Michael Del Zotto.
11:26 of 3rd period - Shot by Jack Johnson.
11:26 of 3rd period - Stopped by Antti Niemi without a rebound.
11:27 of 3rd period - Jordan Staal wins face-off versus Ryan Kesler in Avalanche zone.
11:38 of 3rd period - Shot by Jeff Skinner.
11:38 of 3rd period - Deflect By Sam Gagner.
11:38 of 3rd period - Stopped by Antti Niemi without a rebound.
11:39 of 3rd period - Jeff Skinner wins face-off versus Jordan Staal in Avalanche zone.
12:02 of 3rd period - Shot by Anze Kopitar.
12:02 of 3rd period - Shot Misses the Net.
12:04 of 3rd period - Shot by Jack Johnson.
12:04 of 3rd period - Deflect By Dustin Brown.
12:04 of 3rd period - Shot Misses the Net.
12:06 of 3rd period - Shot by Erik Johnson.
12:06 of 3rd period - Shot Misses the Net.
12:08 of 3rd period - Shot by Dustin Brown.
12:08 of 3rd period - Stopped by Antti Niemi without a rebound.
12:09 of 3rd period - Anze Kopitar wins face-off versus Jordan Staal in Avalanche zone.
12:12 of 3rd period - Shot by Michael Ryder.
12:12 of 3rd period - Shot Misses the Net.
12:24 of 3rd period - Shot by Michael Ryder.
12:24 of 3rd period - Shot Misses the Net.
12:26 of 3rd period - Shot by Jack Johnson.
12:26 of 3rd period - Stopped by Antti Niemi without a rebound.
12:27 of 3rd period - Ryan Kesler wins face-off versus Derek Stepan in Avalanche zone.
12:34 of 3rd period - Shot by Ryan Kesler.
12:34 of 3rd period - Shot Blocked by John Carlson.
13:04 of 3rd period - Shot by John Carlson.
13:04 of 3rd period - Shot Misses the Net.
13:06 of 3rd period - Shot by Chris Stewart.
13:06 of 3rd period - Shot Misses the Net.
13:27 of 3rd period - Icing by John Carlson.
13:28 of 3rd period - Anze Kopitar wins face-off versus Derek Stepan in Avalanche zone.
14:41 of 3rd period - Shot by Mike Cammalleri.
14:41 of 3rd period - Goal by Mike Cammalleri - Flames : 2 - Avalanche : 1.
14:42 of 3rd period - Shawn Horcoff wins face-off versus Cody Hodgson in neutral zone.
14:55 of 3rd period - Shot by Cody Hodgson.
14:55 of 3rd period - Shot Blocked by Andrew MacDonald.
15:21 of 3rd period - Andrew MacDonald is hit by Brian Gionta and loses puck.
16:03 of 3rd period - Shot by Chris Stewart.
16:03 of 3rd period - Stopped by Jonathan Quick with a rebound.
17:07 of 3rd period - Shot by Lubomir Visnovsky.
17:07 of 3rd period - Shot Misses the Net.
17:09 of 3rd period - Shot by Marian Hossa.
17:09 of 3rd period - Shot Blocked by Toni Lydman.
17:29 of 3rd period - Shot by Derek Stepan.
17:29 of 3rd period - Goal by Derek Stepan - Flames : 2 - Avalanche : 2.
17:30 of 3rd period - Cody Hodgson wins face-off versus Sam Gagner in neutral zone.
17:32 of 3rd period - Marcus Johansson is hit by Sam Gagner and loses puck.

Overtime #1


0:01 of 1st overtime period - Ryan Kesler wins face-off versus Jordan Staal in neutral zone.
0:10 of 1st overtime period - Shot by Jeff Skinner.
0:10 of 1st overtime period - Shot Misses the Net.
0:30 of 1st overtime period - Jordan Staal is hit by Erik Johnson.
0:31 of 1st overtime period - Minor Penalty to Erik Johnson for High sticking.
0:32 of 1st overtime period - Anze Kopitar wins face-off versus Derek Stepan in Flames zone.
1:05 of 1st overtime period - Shot by Derek Stepan.
1:05 of 1st overtime period - Shot Misses the Net.
1:18 of 1st overtime period - Off-side.
1:19 of 1st overtime period - Jordan Staal wins face-off versus Anze Kopitar in neutral zone.
1:42 of 1st overtime period - Shot by Jordan Staal.
1:42 of 1st overtime period - Stopped by Jonathan Quick without a rebound.
1:43 of 1st overtime period - Jordan Staal wins face-off versus Ryan Kesler in Flames zone.
1:50 of 1st overtime period - Shot by Jordan Staal.
1:50 of 1st overtime period - Goal by Jordan Staal - Flames : 2 - Avalanche : 3.


Output by the SimonT Hockey Simulator (STHS) for Stephane Roy -- Original Page W3C XHTML 1.0 Valid
Hockey Simulator - Hockey Simulation - Hockey Manager